 Dungeon Crawl Stone Soup version 0.29-a0-1014-ga8c0faee3b (webtiles) character file.

Game seed: 13858645240131721315

57 BritishOli the Trooper (level 3, -2/29 HPs)
             Began as a Demonspawn Fighter on Aug 9, 2022.
             Slain by Terence
             ... wielding a +2 hand axe of flaming
              (6 damage)
             ... on level 3 of the Dungeon.
             The game lasted 00:01:17 (2101 turns).

BritishOli the Trooper (Demonspawn Fighter)         Turns: 2101, Time: 00:01:18

Health: -2/29      AC:  6    Str: 18    XL:     3   Next: 73%
Magic:  3/3        EV:  9    Int:  9    God:
Gold:   82         SH:  4    Dex: 12    Spells: 2/2 levels left

rFire   . . .      SeeInvis .   a - +0 long sword
rCold   . . .      Faith    .   c - +0 buckler
rNeg    . . .      Spirit   .   b - +0 scale mail
rPois   .          Reflect  .   (no helmet)
rElec   .          Harm     .   (no cloak)
rCorr   .          Rampage  .   (no gloves)
Will    .....                   (no boots)
Stlth   ..........              (no amulet)
HPRegen 0.09/turn               (no ring)
MPRegen 0.08/turn               (no ring)

@: no status effects
A: ignite blood 1, weakness stinger 1
a: no special abilities


You were on level 3 of the Dungeon.
You visited 1 branch of the dungeon, and saw 3 of its levels.

You collected 82 gold pieces.

Inventory:

Hand Weapons
 a - a +0 long sword (weapon)
Armour
 b - a +0 scale mail (worn)
 c - a +0 buckler (worn)
Jewellery
 n - a ring of ice
Scrolls
 g - a scroll of teleportation {unknown}
 h - 2 scrolls of identify {unknown}
 k - 2 scrolls of immolation {unknown}
 o - a scroll of blinking {unknown}
 p - a scroll of poison {unknown}
 q - a scroll of fear {unknown}
Potions
 d - a potion of might
 e - a potion of heal wounds {unknown}
 f - 2 potions of cancellation {unknown}
 i - a potion of curing {unknown}
 j - a potion of brilliance {unknown}
 l - 2 potions of haste {unknown}
 m - a potion of lignification {unknown}


   Skills:
 * Level 3.5 Fighting
 * Level 2.5 Long Blades
 + Level 3.0 Armour
 + Level 3.0 Shields


You had 2 spell levels left.
You didn't know any spells.
Your spell library contained the following spells:

 Spells                   Type           Power      Damage    Failure   Level
 Malign Gateway           Summ/Tloc      0%         N/A       100%        7
 Summon Horrible Things   Summ           0%         N/A       100%        8


Dungeon Overview and Level Annotations

Branches:
Dungeon (3/15)

Altars:

Shops:
D:3 [

Annotations:
D:3 Terence


Innate Abilities, Weirdness & Mutations

Your demonic aura sometimes causes spilled blood to erupt in flames.
You have a small tail.


Message History

Terence screams, "I'm going to kill you!"
Terence closely misses you. You block the goblin's attack.
The goblin completely misses you. Terence hits you but does no damage.
You hit the worm.
The worm is almost dead.
You block the worm's attack. The goblin closely misses you.
Terence hits you with a +2 hand axe of flaming!
Terence burns you.
You hit the worm.
Your tail-slap misses the worm.
The worm is almost dead.
The goblin barely misses you. You block Terence's attack. The worm bites you.
You hit the worm but do no damage. You tail-slap the worm.
You kill the worm!
Terence barely misses you.
The goblin hits you but does no damage. x2
Terence hits you with a +2 hand axe of flaming.
Terence burns you.
You are too injured to fight recklessly!
You are too injured to fight recklessly!
You are too injured to fight recklessly!
You are too injured to fight recklessly!
You are too injured to fight recklessly!
Unknown command.
You are too injured to fight recklessly!
You barely miss the goblin. You block Terence's attack.
The goblin barely misses you.
You hit the goblin.
The goblin is severely wounded.
Terence hits you with a +2 hand axe of flaming.
* * * LOW HITPOINT WARNING * * *
Terence burns you.
* * * LOW HITPOINT WARNING * * *
The goblin is engulfed in blazing flames.
You kill the goblin!
You hit Terence.
Terence is lightly wounded.
Terence hits you but does no damage. Terence closely misses you.
You closely miss Terence.
Terence is lightly wounded.
Terence hits you with a +2 hand axe of flaming.
You die...

######## ###.<....######
##.....##......########.
#..≈≈≈..######.#.[......
#.≈≈≈≈≈.# #.#........
#.≈≈≈≈≈.# #.#........
#.≈≈≈≈≈.# #.#........
#..≈≈≈..# #.#†.......
#8..∩..8# #(#@°!.....
######### #.#.@......
#>......... #..........
#.#........ #.#........
.....#+#+## ≈≈≈....
...≈≈≈≈.#


You could see Terence.

Vanquished Creatures
  An adder (D:2)
  A gnoll (D:1)
  2 worms
  A dart slug (D:1)
  3 ball pythons
  3 bats
  An endoplasm (D:2)
  3 giant cockroaches
  2 goblins
  2 hobgoblins
  2 kobolds (D:2)
  2 quokkas
  2 frilled lizards
  4 rats
29 creatures vanquished.

Notes
Turn   | Place    | Note
-------+----------+-------------------------------------------
     0 | D:1      | BritishOli the Demonspawn Fighter began the quest for the
                  | Orb.
     0 | D:1      | Reached XP level 1. HP: 18/18 MP: 1/1
   287 | D:1      | Gained mutation: Your demonic aura sometimes causes spilled
                  | blood to erupt in flames. [demonic ancestry]
   287 | D:1      | Reached XP level 2. HP: 24/24 MP: 2/2
  1121 | D:2      | Discovered your monstrous ancestry.
  1121 | D:2      | Gained mutation: You have a small tail. [demonic ancestry]
  1121 | D:2      | Reached XP level 3. HP: 19/29 MP: 3/3
  1414 | D:2      | Found a faded altar of an unknown god.
  2057 | D:3      | Found Qeof's Antique Armour Shop.
  2089 | D:3      | Noticed Terence
  2101 | D:3      | Slain by Terence

Illustrated notes

Levels and vault maps discovered:
D:1:      dpeg_arrival_rhombus, layout_loops_cross, minivault_5
D:2:      layout_loops_ring, hellmonk_ecumenical_altar_crossroads,
          grunt_ministairs_2
D:3:      layout_basic, nicolae_gozag_zags_fifth_avenue, serial_shops,
          nicolae_lakefront_shop, minmay_misc_feat_square,
          serial_bayou_lagoon_b, uniq_terence

Skill      XL: |  1  2  3 |
---------------+----------+-----
Long Blades    | 2 |  2.5
Armour         | 3 |  3.0
Shields        | 3 |  3.0
Fighting       | |  3.5

Action                   || total
-------------------------++-------
Melee: Long sword        ||    87
       Tailslap          ||     8
Armor: Scale mail        ||    44
Dodge: Dodged            ||    45
Block: Buckler           ||    16

Table legend: (Time is in decaauts)
 A = Elapsed time spent in this place.
 B = Non-inter-level travel time spent in this place.
 C = Inter-level travel time spent in this place.
 D = Time resting spent in this place.
 E = Time spent auto-exploring this place.
 F = Levels seen in this place.
 G = Mean time per level.
                   A        B        C        D        E       F      G
               +--------+--------+--------+--------+--------+-----+--------+
         Total |   2129 |   2105 |     24 |    146 |   1736 |   3 |  709.7 |
       Dungeon |   2129 |   2105 |     24 |    146 |   1736 |   3 |  709.7 |
               +--------+--------+--------+--------+--------+-----+--------+

Top non-repeatable levels by time:
     D:1: 1117 daAuts
     D:2: 965 daAuts
     D:3: 46 daAuts
